 Dungeon Crawl Stone Soup version 0.23-a0-208-gb6b040f (webtiles) character file.

2099 grindst0ne the Fighter (level 9, -5/76 HPs)
             Began as a Mummy Fighter on Sept 25, 2018.
             Slain by Pikel
             ... wielding a +0 whip of flaming
              (7 damage)
             ... on level 7 of the Dungeon.
             The game lasted 00:08:27 (6164 turns).

grindst0ne the Fighter (Mummy Fighter)              Turns: 6164, Time: 00:08:28

Health: -5/76      AC:  6    Str: 22    XL:     9   Next: 7%
Magic:  0/9        EV:  8    Int:  8    God:
Gold:   296        SH: 11    Dex: 11    Spells: 8/8 levels left

rFire    x . .     SeeInvis .   i - +0 dagger (venom)
rCold    + . .     Gourm    .   c - +0 shield
rNeg     + + +     Faith    .   b - +0 scale mail
rPois    ∞         Spirit   +   (no helmet)
rElec    .         Reflect  .   (no cloak)
rCorr    .         Harm     .   (no gloves)
MR       +....                  (no boots)
Stlth    ..........             h - amulet of guardian spirit
HPRegen  0.22/turn              (no ring)
MPRegen  0.11/turn              (no ring)

@: no status effects
A: no food or potions, fire vulnerability, cold resistance 1, negative energy
resistance 3, torment resistance, unbreathing
a: no special abilities


You were on level 7 of the Dungeon.
You were not hungry.

You visited 1 branch of the dungeon, and saw 7 of its levels.

You collected 296 gold pieces.

Inventory:

Hand Weapons
 a - a +0 war axe
 i - a +0 dagger of venom (weapon)
Armour
 b - a +0 scale mail (worn)
 c - a +0 shield (worn)
Jewellery
 h - an amulet of guardian spirit (around neck)
Scrolls
 d - 4 scrolls of remove curse {unknown}
 e - a scroll of blinking {unknown}
 f - a scroll of fear {unknown}
 g - a scroll of immolation {unknown}
 j - a scroll of fog {unknown}
 k - 3 scrolls of enchant armour {unknown}
 m - a scroll of enchant weapon {unknown}
 n - 5 scrolls of identify {unknown}
 o - 3 scrolls of teleportation {unknown}
 p - a scroll of magic mapping {unknown}


   Skills:
 + Level 9.0 Fighting
 - Level 1.5 Axes
 - Level 2.4 Armour
 + Level 7.5 Shields


You had 8 spell levels left.
You didn't know any spells.
Your spell library contained the following spells:

 Spells                   Type           Power        Failure   Level  Hunger
 Confusing Touch          Hex            #.....       97%         1    N/A
 Corona                   Hex            #......      97%         1    N/A
 Infusion                 Chrm           #...         97%         1    N/A
 Shroud of Golubria       Chrm/Tloc      #.........   99%         2    N/A
 Slow                     Hex            #.......     99%         2    N/A
 Song of Slaying          Chrm           #.......     99%         2    N/A
 Confuse                  Hex            #.......     100%        3    N/A
 Gell's Gravitas          Tloc           #.........   100%        3    N/A
 Inner Flame              Hex/Fire       #.......     100%        3    N/A
 Portal Projectile        Hex/Tloc       #.....       100%        3    N/A
 Spectral Weapon          Hex/Chrm       #.......     100%        3    N/A
 Cause Fear               Hex            #.........   100%        4    N/A
 Leda's Liquefaction      Hex/Erth       #.........   100%        4    N/A
 Petrify                  Tmut/Erth      #.......     100%        4    N/A
 Metabolic Englaciation   Hex/Ice        #.........   100%        5    N/A
 Yara's Violent Unravell  Hex/Tmut       #.........   100%        5    N/A
 Regeneration             Chrm/Necr      Unusable     N/A         3    N/A

Dungeon Overview and Level Annotations

Branches:
Dungeon (7/15)
 Temple: D:4-7

Altars:
Elyvilon
Hepliaklqana
Okawaru
Ru
Uskayaw
Vehumet
Yredelemnul

Annotations:
D:7 Pikel


Innate Abilities, Weirdness & Mutations

You do not eat or drink.
Your flesh is vulnerable to fire.
You are immune to poison.
Your flesh is cold resistant. (rC+)
You are immune to negative energy. (rN+++)
You are immune to unholy pain and torment.
You can survive without breathing.


Message History

The burst of metal fragments hits Pikel.
The burst of metal fragments hits the slave. x2
The burst of metal fragments hits Pikel.
Pikel is heavily wounded.
The slave is heavily wounded.
You block Pikel's attack.
Evoke which item? (* to show all) (? for menu, Esc to quit)
Aiming: Scattershot
Press: ? - help, Shift-Dir - straight line, f/p - Pikel
Aim: Pikel, wielding a whip of flaming and wearing a glowing robe (heavily The burst of metal fragments hits Pikel. x4
Pikel is severely wounded.
The now-empty wand crumbles to dust.
Pikel hits you with a whip of flaming.
* * * LOW HITPOINT WARNING * * *
Pikel burns you. Pikel hits you with a whip of flaming!
* * * LOW HITPOINT WARNING * * *
Pikel burns you!
* * * LOW HITPOINT WARNING * * *
You can't drink.
Pikel hits you with a whip of flaming!
You die...

#######.##.#.##.##['
......).##.#.##.##.#
##..###.##.#.##.##.#
##.####<##.#.##.##.#######
#........).......#p......#
#.(####.##.#.##.##.......#
#..####.##.#.....#.p.....#
.....†..##.......#p##'####
#..####.####....@#.##.#
#.y# #..........K..#.#
#..#
#.#...........#.####..
#..#
#..........#...........
#..#
#.#.#............###...
#..# ###.#............#
#.. ................
.#....#######.#.# .......
.#.#


You could see Pikel (berserk).

Vanquished Creatures
  Grinder (D:3)
  A wyvern (D:7)
  A hungry ghost (D:7)
  A slave (D:7)
  A necrophage (D:5)
  2 ogres
  3 centaurs
  3 bullfrogs
  2 scorpions
  A jelly (D:7)
  6 killer bees (D:7)
  2 crimson imps
  An orc priest (D:6)
  A centaur skeleton (D:4)
  A hound (D:5)
  An orc wizard (D:6)
  An iguana (D:4)
  6 worker ants
  A hound skeleton (D:7)
  4 gnolls (D:6)
  3 adders
  2 oozes (D:3)
  2 adder skeletons (D:5)
  3 worms
  A dart slug (D:2)
  4 leopard geckos
  9 orcs
  A ball python (D:4)
  14 giant cockroaches
  5 goblins
  6 hobgoblins
  16 jackals
  5 quokkas
  4 bats
  3 frilled lizards
  A giant cockroach zombie (D:5)
  8 kobolds
  A leopard gecko skeleton (D:4)
  5 rats
133 creatures vanquished.

Notes
Turn   | Place    | Note
-------+----------+-------------------------------------------
     0 | D:1      | grindst0ne the Mummy Fighter began the quest for the Orb.
     0 | D:1      | Reached XP level 1. HP: 18/18 MP: 1/1
     1 | D:1      | Noticed an electric eel
    70 | D:1      | Reached XP level 2. HP: 17/24 MP: 2/2
   641 | D:2      | Reached XP level 3. HP: 24/29 MP: 3/3
   839 | D:2      | Reached skill level 4 in Fighting
  1154 | D:2      | Reached XP level 4. HP: 36/37 MP: 4/4
  1663 | D:3      | You fall through a shaft for 2 floors!
  1663 | D:5      | Entered Level 5 of the Dungeon
  1778 | D:5      | Reached XP level 5. HP: 42/43 MP: 5/5
  1799 | D:4      | Found a hazy altar of Hepliaklqana.
  1816 | D:4      | Reached skill level 5 in Fighting
  1832 | D:4      | Reached XP level 6. HP: 37/51 MP: 4/6
  1937 | D:3      | Noticed Grinder
  1949 | D:3      | Paralysed by Grinder for 7 turns
  1964 | D:3      | Killed Grinder
  2157 | D:4      | Reached skill level 6 in Fighting
  2157 | D:4      | Reached skill level 5 in Shields
  2161 | D:4      | Found an iron altar of Okawaru.
  2174 | D:4      | Reached XP level 7. HP: 27/58 MP: 3/7
  2498 | D:4      | Found a radiant altar of Vehumet.
  2503 | D:4      | Found a hide-covered altar of Uskayaw.
  2678 | D:4      | Found a basalt altar of Yredelemnul.
  2738 | D:4      | Found a white marble altar of Elyvilon.
  3009 | D:5      | Found a sacrificial altar of Ru.
  3477 | D:5      | Reached skill level 7 in Fighting
  3583 | D:5      | Reached XP level 8. HP: 40/67 MP: 5/8
  4747 | D:6      | Reached skill level 8 in Fighting
  5928 | D:7      | Reached XP level 9. HP: 55/75 MP: 7/9
  5976 | D:7      | Reached skill level 9 in Fighting
  6145 | D:7      | Noticed Pikel
  6162 | D:7      | HP: 2/76 [Pikel/whip of flaming (6)]
  6164 | D:7      | Slain by Pikel

Vault maps used:
D:1:      arrival_aquarium_a
D:2:      minmay_roachtagon
D:3:      uniq_grinder
D:4:      kennysheep_ying_yang, old_standard_altar, okawaru_trees_1,
          grunt_temple_overflow_open
D:5:      marbit_many_paths, first_ration, serial_glass, glass_columns_a,
          glass_columns_a
D:7:      kennysheep_little_box, temple_hall_moat, biasface_ghost_orc_armoury,
          minmay_misc_feat_roman, grunt_ministairs_13, feat_on_display,
          uniq_duvessa, uniq_pikel, uniq_joseph

Skill      XL: |  1  2  3  4  5  6  7  8  9 |
---------------+----------------------------+-----
Shields        | 3 4 5 6 7 |  7.5
Fighting       | 4 5 6 7 8 9 |  9.0
Axes           | |  1.5
Armour         | |  2.4

Action                   |  1- 3 |  4- 6 |  7- 9 || total
-------------------------+-------+-------+-------++-------
Melee: War axe           |    56 |     3 |    70 ||   129
       Dagger            |    91 |   136 |   258 ||   485
Evoke: Wand              |       |     1 |     4 ||     5
Armor: Scale mail        |    74 |    45 |    89 ||   208
Dodge: Dodged            |    42 |    32 |    98 ||   172
Block: Shield            |    75 |    72 |   212 ||   359

Table legend:
 A = Non-vault XP
 B = Vault XP
 C = Vault XP percentage of total XP
 D = Non-vault monster count
 E = Vault monster count
 F = Vault count percentage of total count
                 A         B        C        D         E       F
            +---------+---------+-------+---------+---------+-------
      Total |    2606 |     393 |  13.1 |     117 |      15 |  11.4
            +---------+---------+-------+---------+---------+-------
        D:1 |      24 |       0 |   0.0 |      15 |       0 |   0.0
        D:2 |      50 |      24 |  32.4 |      18 |      12 |  40.0
        D:3 |      45 |     258 |  85.1 |      12 |       1 |   7.7
        D:4 |     565 |       0 |   0.0 |      21 |       0 |   0.0
        D:5 |     445 |     108 |  19.5 |      17 |       1 |   5.6
        D:6 |     625 |       3 |   0.5 |      22 |       1 |   4.3
        D:7 |     852 |       0 |   0.0 |      12 |       0 |   0.0
            +---------+---------+-------+---------+---------+-------
